Map: Zen LE

Players

Ratl - Winner!

  • Race: Protoss Protoss
  • Spawn Location: 7:00

VOD

Have the link to the VOD?

Description

Time

  • Played on: Dec. 15, 2019, 6:42 p.m.
  • Length: 19:56
Show
View Real Time Build Order
Export as new Build Order

Ratl Protoss - Winner!

Build Orders:  

Get SALT Encoding   

  12  0:09  Probe (Chrono Boost)  
  13  0:26  Probe (Chrono Boost)  
  14  0:48  Pylon  
  14  1:08  Probe (Chrono Boost)  
  15  1:15  Assimilator  
  15  1:20  Probe (Chrono Boost)  
  15  1:22  Assimilator  
  16  1:31  Probe (Chrono Boost)  
  16  1:38  Gateway  
  17  1:45  Probe (Chrono Boost)  
  18  2:02  Probe (Chrono Boost)  
  19  2:17  Probe (Chrono Boost)  
  19  2:29  Probe (Chrono Boost)  
  20  2:31  Gateway  
  21  2:43  Probe (Chrono Boost)  
  21  2:45  Pylon  
  22  2:57  Nexus  
  22  3:06  Probe (Chrono Boost)  
  23  3:23  Probe (Chrono Boost)  
  23  3:28  Cybernetics Core  
  25  3:40  Probe (Chrono Boost)  
  25  4:18  Stalker x2  
  25  4:19  Pylon  
  29  4:36  Probe (Chrono Boost)  
  30  4:43  Probe (Chrono Boost)  
  31  4:50  Stalker  
  31  4:53  Probe (Chrono Boost)  
  31  4:54  Probe (Chrono Boost)  
  33  5:08  Probe (Chrono Boost)  
  33  5:09  Forge, Probe (Chrono Boost)  
  37  5:21  Forge  
  37  5:25  Probe (Chrono Boost)  
  37  5:26  Probe (Chrono Boost)  
  39  5:33  Stalker  
  42  5:41  Stalker  
  42  5:42  Probe (Chrono Boost)  
  42  5:43  Probe (Chrono Boost)  
  45  5:58  Warp Gate  
  45  5:59  Probe (Chrono Boost)  
  46  6:11  Pylon  
  46  6:16  Probe (Chrono Boost)  
  47  6:26  Stalker  
  47  6:27  Stalker  
  51  6:33  Probe (Chrono Boost)  
  52  6:47  Shield Battery  
  53  6:50  Probe (Chrono Boost)  
  47  7:08  Stalker x2  
  47  7:39  Probe (Chrono Boost)  
  47  7:41  Assimilator  
  47  7:45  Assimilator  
  48  7:51  Probe (Chrono Boost)  
  49  8:05  Probe (Chrono Boost)  
  49  8:08  Gateway  
  50  8:11  Gateway  
  50  8:14  Gateway  
  50  8:16  Gateway  
  51  8:22  Probe (Chrono Boost)  
  51  8:25  Robotics Facility  
  51  8:32  Pylon  
  51  8:43  Pylon  
  51  8:45  Nexus  
  51  8:50  Pylon  
  51  9:05  Probe (Chrono Boost)  
  52  9:16  Probe (Chrono Boost)  
  52  9:24  Shield Battery  
  53  9:33  Protoss Ground Weapons Level 1  
  53  9:34  Protoss Ground Armor Level 1  
  53  9:43  Gateway  
  53  9:45  Gateway  
  53  9:47  Gateway  
  53  9:53  Pylon  
  53  10:16  Robotics Bay  
  53  10:23  Robotics Bay  
  53  10:40  Stalker  
  53  10:43  Stalker x3  
  53  10:44  Stalker x2  
  65  10:53  Observer  
  66  11:18  Probe x3 (Chrono Boost)  
  69  11:23  Immortal  
  73  11:35  Probe x3 (Chrono Boost)  
  74  11:52  Probe x3 (Chrono Boost)  
  73  12:08  Probe x3 (Chrono Boost)  
  76  12:13  Gravitic Drive  
  76  12:18  Warp Prism  
  78  12:23  Probe  
  79  12:32  Gravitic Boosters  
  79  12:38  Twilight Council  
  79  12:44  Protoss Shields Level 1 (Chrono Boost)  
  79  12:57  Stalker x5  
  79  12:58  Stalker x4  
  97  13:14  Observer  
  98  13:40  Colossus  
  98  13:52  Protoss Air Weapons Level 1  
  104  14:13  Assimilator x2  
  104  14:18  Protoss Ground Weapons Level 2 (Chrono Boost)  
  104  14:21  Pylon  
  104  14:25  Pylon  
  104  14:29  Pylon  
  103  15:45  Colossus  
  109  15:53  Stalker x2  
  109  15:54  Stalker x3  
  109  15:55  Stalker x3  
  109  15:56  Protoss Ground Armor Level 2 (Chrono Boost), Stalker  
  127  16:46  Stalker  
  127  16:47  Stalker x4  
  127  16:48  Stalker x3  
  103  17:00  Colossus  
  103  17:09  Stalker  
  107  17:30  Blink  
  105  18:15  Colossus  
  111  18:20  Stalker  
  111  18:21  Stalker x6  
  111  18:22  Stalker x2  
  113  19:21  Nexus  
  113  19:27  Assimilator  
  113  19:29  Pylon  
  113  19:30  Assimilator  
  119  19:43  Nexus, Pylon  
  119  19:45  Assimilator  
  119  19:47  Assimilator  
Tags
 
Matchup
Co-op
Add a new tag
Caveats
  • Supply blocks, unpowered buildings, or Contaminate may cause inaccurate times.
  • Supply counts are checked every 10 seconds.